 Dungeon Crawl Stone Soup version 0.29.1-1-gd02db6906a (webtiles) character file.

Game seed: 2596582612223179896

127 juncz the Magician (level 5, 0/40 HPs)
             Began as a Djinni Conjurer on Sept 25, 2022.
             Blown up by a hobgoblin (17 damage)
             ... with a mindburst bolt
             ... on level 4 of the Dungeon.
             The game lasted 00:04:55 (3746 turns).

juncz the Magician (Djinni Conjurer)                Turns: 3746, Time: 00:04:56

Health: 0/40       AC:  4    Str:  6    XL:     5   Next: 33%
Gold:   172        EV: 12    Int: 22    God:
                   SH:  0    Dex: 11

rFire   + + .      SeeInvis .   (no weapon)
rCold   . . .      Faith    .   (no shield)
rNeg    . . .      Spirit   .   a - +0 robe
rPois   ∞          Reflect  .   m - +0 helmet
rElec   .          Harm     .   (no cloak)
rCorr   .          Rampage  .   r - +0 pair of gloves
Will    .....                   (boots unavailable)
Stlth   ++........              (no amulet)
HPRegen 0.13/turn               e - ring of ice
MPRegen 0.00/turn               v - ring of protection from fire

@: flying
A: sickness immunity, fire resistance 2, cold vulnerability 1, float, innate
caster, HP casting, extra vitality 1
a: no special abilities


You were on level 4 of the Dungeon.
You visited 1 branch of the dungeon, and saw 4 of its levels.

You collected 172 gold pieces.

Inventory:

Armour
 a - a +0 robe (worn)
 m - a +0 helmet (worn)
 r - a +0 pair of gloves (worn)
Jewellery
 e - a ring of ice (left hand)
 v - a ring of protection from fire (right hand)
Scrolls
 b - 2 scrolls of poison {unknown}
 c - 3 scrolls of identify {unknown}
 f - 2 scrolls of fear {unknown}
 i - 2 scrolls of amnesia {unknown}
 j - a scroll of enchant weapon {unknown}
 k - 2 scrolls of teleportation {unknown}
 n - 2 scrolls of fog {unknown}
 p - a scroll of noise {unknown}
 t - a scroll of enchant armour {unknown}
Potions
 d - 2 potions of might {unknown}
 g - a potion of flight {unknown}
 h - a potion of haste {unknown}
 l - 2 potions of curing {unknown}
 o - 3 potions of heal wounds {unknown}
 q - 2 potions of berserk rage {unknown}
 s - a potion of degeneration {unknown}
 u - 2 potions of lignification {unknown}


   Skills:
 + Level 3.1 Fighting
 - Level 2.1 Dodging
 - Level 1.5 Stealth
 + Level 4.1 Spellcasting


You couldn't memorise any spells.
You knew the following spells:

 Your Spells              Type           Power      Damage    Failure   Level
a - Magic Dart            Conj           92%        1d7       1%          1
b - Searing Ray           Conj           46%        2d6       3%          2
c - Dazzling Flash        Conj/Hex       46%        N/A       6%          3
d - Fulminant Prism       Conj/Hex       11%        3d9       21%         4
e - Iskenderun's Mystic   Conj/Tloc      23%        2d6       21%         4
f - Sting                 Tmut/Pois      92%        1d7       1%          1
g - Ensorcelled Hibernat  Hex/Ice        68%        N/A       3%          2
Your spell library was empty.

Dungeon Overview and Level Annotations

Branches:
Dungeon (4/15)
 Temple: D:4-7

Altars:


Innate Abilities, Weirdness & Mutations

You are immune to sickness and miasma.
You are immune to poison.
Your flesh is very heat resistant. (rF++)
You are vulnerable to cold. (rC-)
You float through the air rather than walking.
You learn spells naturally, not from books.
Your magical power is your life essence.
You have superior vitality. (+4 MHP)


Message History

The hobgoblin zaps a wand.
You struggle to resist.
Casting: Magic Dart (safe; 1% risk of failure)
Confirm with . or Enter, or press ? or * to list all spells.
Aiming: Magic Dart (safe; 1% risk of failure)
Press: ? - help, Shift-Dir - straight line, f/p - hobgoblin
Aim: a hobgoblin, wearing a +0 ring mail and carrying a wand of mindburst (7) (moderately wounded, 100% to hit)
The magic dart hits the hobgoblin but does no damage.
The hobgoblin is moderately wounded.
The hobgoblin zaps a wand.
Your mind is blasted!
Casting: Magic Dart (safe; 1% risk of failure)
Confirm with . or Enter, or press ? or * to list all spells.
Aiming: Magic Dart (safe; 1% risk of failure)
Press: ? - help, Shift-Dir - straight line, f/p - hobgoblin
Aim: a hobgoblin, wearing a +0 ring mail and carrying a wand of mindburst (6) (moderately wounded, 100% to hit)
The magic dart hits the hobgoblin but does no damage.
The hobgoblin is moderately wounded.
Casting: Magic Dart (safe; 1% risk of failure)
Confirm with . or Enter, or press ? or * to list all spells.
Aiming: Magic Dart (safe; 1% risk of failure)
Press: ? - help, Shift-Dir - straight line, f/p - hobgoblin
Aim: a hobgoblin, wearing a +0 ring mail and carrying a wand of mindburst (6) (moderately wounded, 100% to hit)
The magic dart hits the hobgoblin.
The hobgoblin is severely wounded.
Casting: Magic Dart (safe; 1% risk of failure)
Confirm with . or Enter, or press ? or * to list all spells.
Aiming: Magic Dart (safe; 1% risk of failure)
Press: ? - help, Shift-Dir - straight line, f/p - hobgoblin
Aim: a hobgoblin, wearing a +0 ring mail and carrying a wand of mindburst (6) (severely wounded, 100% to hit)
The magic dart hits the hobgoblin.
The hobgoblin is almost dead.
The hobgoblin zaps a wand.
Your mind is blasted!
Casting: Magic Dart (safe; 1% risk of failure)
Confirm with . or Enter, or press ? or * to list all spells.
Aiming: Magic Dart (safe; 1% risk of failure)
Press: ? - help, Shift-Dir - straight line, f/p - hobgoblin
Aim: a hobgoblin, wearing a +0 ring mail and carrying a wand of mindburst (5) (almost dead, 100% to hit)
The magic dart hits the hobgoblin but does no damage.
The hobgoblin is almost dead.
The hobgoblin zaps a wand.
Your mind is blasted!
You die...

...##.## #.# .#.....#
#.# ... .####..####
#.# ... .# #..... #.#
.. .# #...# #.# ..
.####...# ###†# .#
........####...##.#
................#.#.#
####...##..g....@...#
#...##..#.##.#.###
####...##..#.##.#.#
......)......##.#.#
...........####.#.#
.###..............#
#..#########.### #..#
#.# #..# #.#


You could see a hobgoblin.

Vanquished Creatures
  A hound (D:4)
  3 adders
  3 worms (D:2)
  A dart slug (D:4)
  5 ball pythons
  6 endoplasms
  3 giant cockroaches (D:2)
  5 goblins
  4 hobgoblins
  8 kobolds
  A quokka (D:1)
  5 bats
  5 frilled lizards
  8 rats
58 creatures vanquished.

Notes
Turn   | Place    | Note
-------+----------+-------------------------------------------
     0 | D:1      | juncz the Djinni Conjurer began the quest for the Orb.
     0 | D:1      | juncz set off with the following spells memorised: Magic
                  | Dart, Searing Ray, Dazzling Flash, Fulminant Prism,
                  | Iskenderun's Mystic Blast.
     0 | D:1      | Reached XP level 1. HP: 15/15 MP: 0/0
   257 | D:1      | Reached XP level 2. HP: 17/22 MP: 0/0
   351 | D:1      | Reached skill level 1 in Fighting
   696 | D:1      | Found a faded altar of an unknown god.
  1176 | D:2      | Reached XP level 3. HP: 24/27 MP: 0/0
  1176 | D:2      | Learned a level 1 spell: Sting
  2218 | D:2      | Reached XP level 4. HP: 10/33 MP: 0/0
  2794 | D:3      | Found the +3 salamander hide armour {Flames rF++ rC--}
  3444 | D:3      | Reached skill level 4 in Spellcasting
  3694 | D:4      | Reached XP level 5. HP: 33/40 MP: 0/0
  3694 | D:4      | Learned a level 2 spell: Ensorcelled Hibernation
  3746 | D:4      | Blown up by a hobgoblin

Illustrated notes

Levels and vault maps discovered:
D:1:      dpeg_arrival_tiny_c, layout_loops_corners, basic_ecumenical_altar
D:2:      layout_basic
D:3:      layout_rooms, serial_forest, infiniplex_forest_clump_curved,
          infiniplex_forest_clump_small, infiniplex_forest_clump_curved,
          infiniplex_forest_end_3, infiniplex_forest_fountain,
          infiniplex_forest_clump_medium, infiniplex_forest_3_way,
          infiniplex_forest_join, chequers_serial_rivers_micro_c,
          hangedman_feature_mirror
D:4:      gammafunk_cloud_chamber, layout_loops_ring, general_overflow_altar,
          nicolae_dithmenos_the_darkroom

Skill      XL: |  1  2  3  4 |
---------------+-------------+-----
Fighting       | 1 2 3 |  3.1
Spellcasting   | 4 |  4.1
Dodging        | |  2.1
Stealth        | |  1.5

Action                   |  1- 3 |  4- 6 || total
-------------------------+-------+-------++-------
Melee: Unarmed           |     3 |       ||     3
 Cast: Magic Dart        |    55 |    45 ||   100
       Sting             |    22 |    13 ||    35
Armor: Robe              |     7 |     2 ||     9
Dodge: Dodged            |    13 |     4 ||    17
